 Dungeon Crawl Stone Soup version 0.24.1-14-gf8d2b509d9 (webtiles) character file.

Game seed: 17928009665298269855, levelgen mode: deterministic

1319 Peloso the Shield-Bearer (level 8, -1/67 HPs)
             Began as a Gnoll Fighter on May 16, 2020.
             Killed by nerve-wracking pain
             ... invoked by a shadow imp
             ... summoned by Natasha
              (13 damage)
             ... on level 3 of the Dungeon.
             The game lasted 00:12:59 (3509 turns).

Peloso the Shield-Bearer (Gnoll Fighter)            Turns: 3509, Time: 00:12:59

Health: -1/67      AC: 11    Str: 20    XL:     8   Next: 59%
Magic:  13/13      EV:  2    Int: 11    God:
Gold:   213        SH:  7    Dex: 15    Spells: 13/13 levels left

rFire    . . .     SeeInvis .   a - +0 long sword
rCold    . . .     Gourm    .   c - +0 shield
rNeg     . . .     Faith    .   q - +0 plate armour
rPois    .         Spirit   .   (no helmet)
rElec    .         Reflect  .   (no cloak)
rCorr    .         Harm     .   (no gloves)
MR       .....                  e - +0 pair of boots
Stlth    ..........             d - amulet of regeneration
HPRegen  0.61/turn              t - ring of wizardry
MPRegen  0.13/turn              (no ring)

@: slowed, extremely drained, very slow
A: distributed training, fangs 1, strong nose
a: no special abilities


You were on level 3 of the Dungeon.
You were hungry.

You visited 1 branch of the dungeon, and saw 5 of its levels.

You collected 378 gold pieces.
You spent 165 gold pieces at shops.

Inventory:

Hand Weapons
 a - a +0 long sword (weapon)
Armour
 b - a +0 scale mail
 c - a +0 shield (worn)
 e - a +0 pair of boots (worn)
 q - a +0 plate armour (worn)
Jewellery
 d - an amulet of regeneration (around neck)
 t - a ring of wizardry (left hand)
Wands
 x - a wand of random effects (12)
Scrolls
 g - a scroll of blinking {unknown}
 i - 3 scrolls of identify
 j - 2 scrolls of remove curse
 k - 3 scrolls of enchant armour
 l - 3 scrolls of teleportation {unknown}
 m - a scroll of magic mapping {unknown}
 u - a scroll of fog
 w - a scroll of fear {unknown}
Potions
 h - a potion of berserk rage
 n - a potion of curing
 o - a potion of agility
 p - 2 potions of resistance
 s - a potion of brilliance
Comestibles
 f - 8 rations
 v - a chunk of flesh


   Skills:
 + Level 7.4(0.0) Fighting
 + Level 3.3(0.0) Short Blades
 + Level 5.7(0.0) Long Blades
 + Level 3.3(0.0) Axes
 + Level 3.3(0.0) Maces & Flails
 + Level 3.3(0.0) Polearms
 + Level 3.3(0.0) Staves
 + Level 3.3(0.0) Slings
 + Level 3.3(0.0) Bows
 + Level 3.3(0.0) Crossbows
 + Level 3.3(0.0) Throwing
 + Level 7.4(0.0) Armour
 + Level 3.3(0.0) Dodging
 + Level 3.3(0.0) Stealth
 + Level 7.4(0.0) Shields
 + Level 3.3(0.0) Unarmed Combat
 + Level 3.3(0.0) Spellcasting
 + Level 2.7(0.0) Conjurations
 + Level 2.7(0.0) Hexes
 + Level 2.7(0.0) Charms
 + Level 2.7(0.0) Summonings
 + Level 2.7(0.0) Necromancy
 + Level 2.7(0.0) Translocations
 + Level 2.7(0.0) Transmutations
 + Level 2.7(0.0) Fire Magic
 + Level 2.7(0.0) Ice Magic
 + Level 2.7(0.0) Air Magic
 + Level 2.7(0.0) Earth Magic
 + Level 2.7(0.0) Poison Magic
 + Level 3.7(0.0) Invocations
 + Level 3.3(0.0) Evocations


You had 13 spell levels left.
You didn't know any spells.
Your spell library was empty.

Dungeon Overview and Level Annotations

Branches:
Dungeon (5/15)
 Temple: D:4-7

Altars:
Qazlal

Shops:
D:5 ?

Annotations:
D:3 Ijyb, Natasha


Innate Abilities, Weirdness & Mutations

Your experience applies equally to all skills.
You have very sharp teeth.
Your uncanny sense of smell can sniff out nearby items.


Message History

Unknown command.
You closely miss Ijyb.
Ijyb is almost dead.
You block Natasha's attack.
The shadow imp hits you but does no damage.
Ijyb hits you but does no damage. You block the shadow imp's attack.
Natasha claws you but does no damage.
The shadow imp hits you but does no damage.
Ijyb hits you but does no damage. The shadow imp hits you.
Your shield and plate armour prevent you from hitting Ijyb.
Your bite misses Ijyb.
Ijyb is almost dead.
Natasha claws you but does no damage. The shadow imp gestures at you.
Pain shoots through your body!
* * * LOW HITPOINT WARNING * * *
You block Ijyb's attack. The shadow imp gestures at you.
Pain shoots through your body!
You die...

>....#### #..#######.#### #..
........# #......##.....## #..
......#.###..............## ###
.####...>..............<..#
...[......................#
.####.....................#
......(#.......§.)........#
.....(.........§.5(.......#
(.((.........).g@.........#
...............h5.(......##
....>............#(..(..##
..............####.##############
...(..........# #.(.÷...........
..............# #########.......
..............# #.......
.............## ########
......#..<..## #


You could see Ijyb, Natasha and 2 shadow imps.

Vanquished Creatures
  Grinder (D:3)
  Sigmund (D:5)
  Duvessa (D:5)
  2 phantoms (D:4)
  A sky beast (D:5)
  2 ogres (D:5)
  Dowan (D:5)
  A crimson imp (D:5)
  An orc priest (D:4)
  A bullfrog skeleton (D:5)
  A jelly (D:5)
  2 orc wizards (D:4)
  Natasha (D:3)
  A worker ant (D:4)
  A howler monkey skeleton (D:5)
  5 adders
  2 worms
  4 dart slugs
  3 leopard geckos
  10 orcs
  5 bats
  3 giant cockroaches
  3 goblins (D:1)
  5 hobgoblins
  11 jackals
  4 quokkas
  11 frilled lizards
  9 kobolds
  A leopard gecko skeleton (D:4)
  6 rats
100 creatures vanquished.

Notes
Turn   | Place    | Note
-------+----------+-------------------------------------------
     0 | D:1      | Peloso the Gnoll Fighter began the quest for the Orb.
     0 | D:1      | Reached XP level 1. HP: 23/23 MP: 1/1
   100 | D:1      | Reached XP level 2. HP: 29/29 MP: 2/2
   336 | D:1      | Reached XP level 3. HP: 31/35 MP: 3/3
   912 | D:2      | Reached skill level 1 in Invocations
   987 | D:2      | Reached skill level 1 in Short Blades
   987 | D:2      | Reached skill level 1 in Axes
   987 | D:2      | Reached skill level 1 in Maces & Flails
   987 | D:2      | Reached skill level 1 in Polearms
   987 | D:2      | Reached skill level 1 in Staves
   987 | D:2      | Reached skill level 1 in Slings
   987 | D:2      | Reached skill level 1 in Bows
   987 | D:2      | Reached skill level 1 in Crossbows
   987 | D:2      | Reached skill level 1 in Throwing
   987 | D:2      | Reached skill level 1 in Dodging
   987 | D:2      | Reached skill level 1 in Stealth
   987 | D:2      | Reached skill level 1 in Unarmed Combat
   987 | D:2      | Reached skill level 1 in Spellcasting
   987 | D:2      | Reached skill level 1 in Evocations
  1023 | D:2      | Reached XP level 4. HP: 38/41 MP: 5/5
  1212 | D:2      | Noticed a water elemental
  1214 | D:2      | Found a stormy altar of Qazlal.
  1215 | D:2      | Noticed an earth elemental
  1216 | D:2      | Noticed a fire elemental
  1216 | D:2      | Noticed an air elemental
  1570 | D:3      | Reached skill level 1 in Conjurations
  1570 | D:3      | Reached skill level 1 in Hexes
  1570 | D:3      | Reached skill level 1 in Charms
  1570 | D:3      | Reached skill level 1 in Summonings
  1570 | D:3      | Reached skill level 1 in Necromancy
  1570 | D:3      | Reached skill level 1 in Translocations
  1570 | D:3      | Reached skill level 1 in Transmutations
  1570 | D:3      | Reached skill level 1 in Fire Magic
  1570 | D:3      | Reached skill level 1 in Ice Magic
  1570 | D:3      | Reached skill level 1 in Air Magic
  1570 | D:3      | Reached skill level 1 in Earth Magic
  1570 | D:3      | Reached skill level 1 in Poison Magic
  1595 | D:3      | Noticed Grinder
  1616 | D:3      | Paralysed by Grinder for 7 turns
  1624 | D:3      | Paralysed by Grinder for 4 turns
  1633 | D:3      | Killed Grinder
  1633 | D:3      | Reached XP level 5. HP: 29/47 MP: 5/7
  1633 | D:3      | Reached XP level 6. HP: 33/53 MP: 5/8
  1674 | D:3      | Noticed Ijyb
  1704 | D:4      | Reached skill level 5 in Long Blades
  1904 | D:4      | Noticed a phantom
  1998 | D:4      | Killed a phantom
  1998 | D:4      | Reached XP level 7. HP: 60/60 MP: 10/10
  2248 | D:5      | Entered Level 5 of the Dungeon
  2339 | D:5      | Reached XP level 8. HP: 63/67 MP: 12/12
  2384 | D:5      | Found Naopsoin's Magic Scroll Boutique.
  2389 | D:5      | Bought a scroll of identify for 20 gold pieces
  2389 | D:5      | Bought a scroll of enchant armour for 75 gold pieces
  2389 | D:5      | Bought a scroll of remove curse for 30 gold pieces
  2389 | D:5      | Bought a scroll of fog for 20 gold pieces
  2389 | D:5      | Bought a scroll of identify for 20 gold pieces
  2497 | D:5      | Noticed Sigmund
  2533 | D:5      | Killed Sigmund
  2666 | D:5      | Noticed Duvessa
  2666 | D:5      | Noticed Dowan
  2707 | D:5      | Killed Duvessa
  2743 | D:5      | Killed Dowan
  3026 | D:5      | HP: 1/67 [ogre/+0 giant spiked club (15)]
  3357 | D:3      | Noticed Natasha
  3441 | D:3      | Killed Natasha
  3486 | D:3      | Noticed Natasha
  3506 | D:3      | HP: 2/67 [Ijyb/+0 dagger (3)]
  3509 | D:3      | Killed from afar by a shadow imp

Levels and vault maps discovered:
D:1:      dpeg_arrival_chase, layout_basic
D:2:      layout_basic, nicolae_qazlal_style_of_elements
D:3:      layout_rooms, wander_ebering_terrifying_dragon_lair, uniq_natasha,
          uniq_grinder, uniq_ijyb
D:4:      layout_cave_pools, first_ration
D:5:      layout_gridville, serial_shops, shop, uniq_duvessa, uniq_sigmund

Skill      XL: |  1  2  3  4  5  6  7  8 |
---------------+-------------------------+-----
Invocations    | 1 2 3 |  3.7
Short Blades   | 1 2 3 |  3.3
Axes           | 1 2 3 |  3.3
Maces & Flails | 1 2 3 |  3.3
Polearms       | 1 2 3 |  3.3
Staves         | 1 2 3 |  3.3
Slings         | 1 2 3 |  3.3
Bows           | 1 2 3 |  3.3
Crossbows      | 1 2 3 |  3.3
Throwing       | 1 2 3 |  3.3
Dodging        | 1 2 3 |  3.3
Stealth        | 1 2 3 |  3.3
Unarmed Combat | 1 2 3 |  3.3
Spellcasting   | 1 2 3 |  3.3
Evocations     | 1 2 3 |  3.3
Conjurations   | 1 2 |  2.7
Hexes          | 1 2 |  2.7
Charms         | 1 2 |  2.7
Summonings     | 1 2 |  2.7
Necromancy     | 1 2 |  2.7
Translocations | 1 2 |  2.7
Transmutations | 1 2 |  2.7
Fire Magic     | 1 2 |  2.7
Ice Magic      | 1 2 |  2.7
Air Magic      | 1 2 |  2.7
Earth Magic    | 1 2 |  2.7
Poison Magic   | 1 2 |  2.7
Long Blades    | 5 |  5.7
Fighting       | 7 |  7.4
Armour         | 7 |  7.4
Shields        | 7 |  7.4

Action                   |  1- 3 |  4- 6 |  7- 9 || total
-------------------------+-------+-------+-------++-------
Melee: Long sword        |   102 |   147 |   235 ||   484
       Bite              |     5 |    20 |    35 ||    60
Evoke: Wand              |       |       |     1 ||     1
  Use: Potion            |     1 |     2 |     3 ||     6
       Scroll            |       |       |     4 ||     4
  Eat: Chunk             |       |     4 |     5 ||     9
Armor: Scale mail        |    48 |     6 |       ||    54
       Plate armour      |       |    81 |   212 ||   293
       Skin              |       |     1 |       ||     1
Dodge: Dodged            |    41 |    45 |    66 ||   152
Block: Shield            |    68 |    95 |   177 ||   340
       Rpst.: Long sword |    12 |    14 |    20 ||    46
